Description

This build order is an all-in in PvZ. It's really powerful in the current meta because of the hydralisk playstyle.

Notes:

  • Take your third gas as fast as you can (but don't be scout if you can)
  • Hide the path of your scouting probe to put your proxy
  • If an attack in your base come (full roach for exemple), come back to your base with all your oracles
  • In case of mutalisk: Make some phoenixes
  • Don't forget the charge timing, if you miss It, you can totally die
  • 5 oracles are great to kill spore + queen + base (6 is safe)

VOD

https://youtu.be/cEcEvWWzKnM

Replay - Blissful v zuka - Para Site LE

Build Order

Get SALT Encoding   

  12  0:01  Probe  
  13  0:13  Probe  
  14  0:18  Pylon  
  14  0:25  Probe  
  15  0:34  Probe  
  15  0:40  Gateway  
  15  0:42  Probe  
  16  0:49  Assimilator  
  17  0:51  Probe  
  18  0:59  Probe  
  19  1:07  Probe  
  21  1:28  Nexus  
  20  1:36  Cybernetics Core  
  20  1:40  Probe  
  21  1:47  Assimilator  
  21  1:52  Probe  
  22  2:00  Pylon  
  23  2:13  Warp Gate  
  23  2:18  Adept  
  28  2:39  Assimilator  
  29  2:44  Pylon  
  29  2:45  Stalker  
  34  3:08  Gateway  
  34  3:10  Stargate  
  38  3:34  Stargate  
  40  3:43  Oracle  
  46  3:57  Pylon  
  46  4:09  Oracle x2  
  56  4:27  Twilight Council  
  56  4:28  Pylon  
  56  4:33  Gateway x2  
  56  4:36  Oracle  
  56  4:42  Oracle  
  62  4:59  Charge  
  62  5:03  Gateway x2  
  63  5:19  Gateway x2  
  63  5:27  Zealot x2  
  67  5:29  Gateway x2  
  67  5:37  Oracle  
  67  5:47  Oracle  
  67  5:49  Zealot x2  
  77  6:11  Zealot x4  
  85  6:20  Adept  
  85  6:30  Zealot x2  
Spawning Tool Build Advisor. Get it on Overwolf

Go to:

Details

  • Created by: zuka      
  • Published on: Oct 13, 2018
  • Modified on: Oct 20, 2018
  • Patch: 4.0.0
Show
View Real Time Build Order
Export as new Build Order

Comments (0)

There are no comments. Be the first!

Create an account to comment!